 Dungeon Crawl Stone Soup version 0.29.0-11-gd7f09526c8 (webtiles) character file.

Game seed: 12759916773668694849

2 blackman the Sneak (level 1, -1/18 HPs)
             Began as a Demonspawn Delver on Sept 3, 2022.
             Slain by an adder (2 damage)
             ... on level 4 of the Dungeon.
             The game lasted 00:00:57 (156 turns).

blackman the Sneak (Demonspawn Delver)               Turns: 156, Time: 00:00:58

Health: -1/18      AC:  4    Str: 12    XL:     1   Next: 25%
Magic:  1/1        EV: 11    Int: 11    God:
Gold:   13         SH:  0    Dex: 14    Spells: 0/0 levels left

rFire   . . .      SeeInvis .   a - +0 hand axe
rCold   . . .      Faith    .   (no shield)
rNeg    . . .      Spirit   .   b - +0 leather armour
rPois   .          Reflect  .   (no helmet)
rElec   .          Harm     .   h - +0 cloak
rCorr   .          Rampage  .   (no gloves)
Will    .....                   (no boots)
Stlth   ++........              j - amulet of the acrobat
HPRegen 0.06/turn               (no ring)
MPRegen 0.07/turn               (no ring)

@: lethally poisoned (-1 -> -4)
A: no striking features
a: no special abilities


You were on level 4 of the Dungeon.
You visited 1 branch of the dungeon, and saw 2 of its levels.

You collected 13 gold pieces.

Inventory:

Hand Weapons
 a - a +0 hand axe (weapon)
Armour
 b - a +0 leather armour (worn)
 h - a +0 cloak (worn)
Jewellery
 j - an amulet of the acrobat (around neck)
Wands
 g - a wand of digging (3)
Scrolls
 c - a scroll of fog
 e - a scroll of fear
Potions
 f - a potion of haste
 i - a potion of attraction {unknown}


   Skills:
 - Level 3.0 Fighting
 + Level 2.0 Axes
 - Level 1.7 Dodging
 - Level 4.5 Stealth


You couldn't memorise any spells.
You didn't know any spells.
Your spell library was empty.

Dungeon Overview and Level Annotations

Branches:
Dungeon (5/15)
 Temple: D:4-7

Altars:

Annotations:
D:4 Edmund


Message History

An ogre comes into view. It is wielding a +0 giant spiked club.
The ogre shouts!
The ogre attacks as you move away! The ogre closely misses you.
As you read the scroll labelled TOARGH KI UMEJU, it crumbles to dust.
You feel strangely unstable.
It was a scroll of teleportation.
The ogre misses you.
Your surroundings suddenly seem different.
An adder and a worm come into view.
Found three stone staircases leading up and a stone staircase leading down.
The helpless worm fails to defend itself.
You hit the worm.
The worm is moderately wounded.
You hit the worm.
The worm is heavily wounded.
The worm barely misses you.
You hit the worm.
The worm is severely wounded.
The worm misses you.
You hit the adder.
The adder is heavily wounded.
You hit the worm. The adder bites you. The worm bites you!
You closely miss the adder.
The adder is heavily wounded.
You hit the worm. The adder bites you.
You are poisoned.
The adder poisons you! The adder bites you.
* * * LOW HITPOINT WARNING * * *
You miss the adder.
The adder is heavily wounded.
You barely miss the worm.
* * * LOW HITPOINT WARNING * * *
You feel sick. The adder bites you.
* * * LOW HITPOINT WARNING * * *
The worm closely misses you.
You hit the adder.
The adder is severely wounded.
You hit the worm.
* * * LOW HITPOINT WARNING * * *
You feel sick. The adder barely misses you. The adder bites you.
You die...

#<##.#.............
#..............#.
###.#####.####...
#.# #........ #.#
#.......
#.####...#.##
#.#<........#.#
#.......S.....#
###<...@....##
####..w#<## #...#
#...# .>#.# ##.#.#
#.#.# #.#.#


You could see a worm and an adder.

Vanquished Creatures
  A quokka (D:4)
  A kobold (D:4)
2 creatures vanquished.

Notes
Turn   | Place    | Note
-------+----------+-------------------------------------------
     0 | D:5      | blackman the Demonspawn Delver began the quest for the Orb.
     0 | D:5      | Reached XP level 1. HP: 18/18 MP: 1/1
    38 | D:5      | Noticed an ice beast
    55 | D:4      | Noticed Edmund
   133 | D:4      | Noticed an ogre
   156 | D:4      | Slain by an adder

Illustrated notes

Levels and vault maps discovered:
D:4:      layout_loops_ring, minmay_temple_entry_tees, uniq_blork_the_orc,
          uniq_edmund, uniq_duvessa, uniq_ijyb, uniq_natasha
D:5:      layout_cave_pools, biasface_ghost_orc_armoury,
          lightli_ossuary_entry_decrepit_ruins, serial_shops,
          nicolae_square_shop

Skill      XL: |  1 |
---------------+----+-----
Axes           | 2 |  2.0
Fighting       | |  3.0
Dodging        | |  1.7
Stealth        | |  4.5

Action                   || total
-------------------------++-------
Melee: Hand axe          ||    16
  Use: Scroll            ||     2
 Stab: Sleeping          ||     1
Armor: Leather armour    ||     2
Dodge: Dodged            ||    13
